 Dungeon Crawl Stone Soup version 0.28.0 (webtiles) character file.

Game seed: 17659943696604507349

3480 SnakkuSnakku7 the Merchant of Misery (level 9, -3/68 HPs)
             Began as a Mummy Delver on Feb 13, 2022.
             Was a Believer of Kikubaaqudgha.
             Slain by a two-headed ogre (14 damage)
             ... on level 8 of the Dungeon.
             The game lasted 00:17:39 (11510 turns).

SnakkuSnakku7 the Merchant of Misery (MuDe)        Turns: 11510, Time: 00:17:42

Health: -3/68      AC: 14    Str: 19    XL:     9   Next: 79%
Magic:  9/9        EV:  5    Int: 17    God:    Kikubaaqudgha [**....]
Gold:   154        SH:  0    Dex: 14    Spells: 8/8 levels left

rFire   x . .      SeeInvis +   a - +1 whip (pain)
rCold   + . .      Faith    +   (no shield)
rNeg    + + +      Spirit   .   m - +0 plate armour
rPois   ∞          Reflect  .   g - +3 crown of Dyrovepreva {rElec Int+2 SInv}
rElec   +          Harm     .   (no cloak)
rCorr   .          Rampage  .   p - +0 pair of gloves
Will    +....                   (no boots)
Stlth   ..........              e - amulet of faith
HPRegen 0.21/turn               i - +6 ring of intelligence
MPRegen 0.11/turn               (no ring)

@: no status effects
A: cold resistance 1, negative energy resistance 3, torment resistance 2, heat
vulnerability 1, no potions
a: Renounce Religion, Receive Corpses


You were on level 8 of the Dungeon.
You worshipped Kikubaaqudgha.
Kikubaaqudgha was pleased with you.
You visited 2 branches of the dungeon, and saw 9 of its levels.

You collected 398 gold pieces.
You spent 244 gold pieces at shops.

Inventory:

Hand Weapons
 a - a +1 whip of pain (weapon)
 b - a +0 mace
Missiles
 o - 28 poisoned darts (quivered)
Armour
 g - the +3 crown of Dyrovepreva (worn) {rElec Int+2 SInv}
   (You acquired it on level 6 of the Dungeon)

   Int:       It affects your intelligence (+2).
   rElec:     It insulates you from electricity.
   SInv:      It lets you see invisible.
 m - a +0 plate armour (worn)
 p - a +0 pair of gloves (worn)
Jewellery
 e - an amulet of faith (around neck)
 i - a +6 ring of intelligence (left hand)
Wands
 f - a wand of digging (3)
 s - a wand of iceblast (2)
Scrolls
 c - 2 scrolls of fog
 d - a scroll of magic mapping
 h - a scroll of immolation
 j - 6 scrolls of teleportation
 k - 2 scrolls of summoning
 l - a scroll of torment
 t - a scroll of brand weapon
 u - a scroll of silence


   Skills:
 - Level 5.0 Fighting
 + Level 6.4 Maces & Flails
 - Level 4.0 Throwing
 - Level 1.5 Dodging
 - Level 4.1 Stealth
 - Level 10.0 Necromancy


You had 8 spell levels left.
You didn't know any spells.
Your spell library contained the following spells:

 Spells                   Type           Power      Damage    Failure   Level
 Animate Skeleton         Necr           68%        N/A       17%         1
 Pain                     Necr           100%       1d9       17%         1
 Vampiric Draining        Necr           34%        2d8       45%         3
 Corpse Rot               Necr/Air       34%        N/A       90%         2
 Scorch                   Fire           0%         2d5       100%        2
 Conjure Flame            Conj/Fire      0%         6-21      100%        3
 Ignite Poison            Fire/Tmut/Pois 0%         N/A       100%        3
 Inner Flame              Hex/Fire       0%         N/A       100%        3
 Cause Fear               Hex            0%         N/A       100%        4
 Flame Wave               Conj/Fire      0%         2d4       100%        4
 Sticky Flame             Conj/Fire      0%         2d3       100%        4
 Summon Cactus Giant      Summ           0%         N/A       100%        6
 Discord                  Hex            0%         N/A       100%        8


Dungeon Overview and Level Annotations

Branches:
Dungeon (8/15)             Temple (1/1) D:5
   Lair: D:8-11

Altars:
Ashenzari
Dithmenos
Gozag
Kikubaaqudgha
Qazlal
Ru

Shops:
D:2 [   D:3 =   D:4 [   D:6 =(   D:8 [


Innate Abilities, Weirdness & Mutations

You are immune to poison.
Your flesh is cold resistant. (rC+)
You are immune to negative energy. (rN+++)
You are immune to unholy pain and torment.
You are vulnerable to heat. (rF-)
You do not drink.


Message History

The poisoned dart hits the two-headed ogre.
The two-headed ogre is poisoned.
Throw: 31 darts (poison)
Press: ? - help, Q - select action, (/) - cycle Shift-Dir - straight line, f/p - two-headed ogre
Aim: a two-headed ogre, wielding two +0 giant clubs (poisoned, 77% to hit)
You throw a poisoned dart.
The poisoned dart hits the two-headed ogre!
The two-headed ogre looks even sicker.
Throw: 30 darts (poison)
Press: ? - help, Q - select action, (/) - cycle Shift-Dir - straight line, f/p - two-headed ogre
Aim: a two-headed ogre, wielding two +0 giant clubs (very poisoned, 77% to hit)
You throw a poisoned dart.
The poisoned dart hits the two-headed ogre.
Unknown command.
Throw: 29 darts (poison)
Press: ? - help, Q - select action, (/) - cycle Shift-Dir - straight line, f/p - two-headed ogre
Aim: a two-headed ogre, wielding two +0 giant clubs (very poisoned, 77% to hit)
You throw a poisoned dart.
The poisoned dart hits the two-headed ogre.
The two-headed ogre looks as sick as possible!
You hit the two-headed ogre.
The two-headed ogre writhes in agony.
The two-headed ogre is lightly wounded.
The two-headed ogre hits you with a +0 giant club!!
The two-headed ogre hits you but does no damage.
Items here: ))) [[[.
Items here: ))))) [[[.
You hit the two-headed ogre but do no damage.
The two-headed ogre writhes in agony.
The two-headed ogre is heavily wounded.
You barely miss the two-headed ogre.
The two-headed ogre is heavily wounded.
The two-headed ogre hits you but does no damage.
The two-headed ogre hits you with a +0 giant club!
You hit the two-headed ogre.
The two-headed ogre writhes in agony.
The two-headed ogre is severely wounded.
The two-headed ogre hits you with a +0 giant club!!
* * * LOW HITPOINT WARNING * * *
The two-headed ogre hits you with a +0 giant club!
You die...
Kikubaaqudgha rasps: "You have failed me!
Welcome... oblivion!"

... ........#..+.... ...
?..........####.... D..
.....#+##### #.... ...
... ##### ##### .≈≈
#####.# #...# ≈≈≈
###...#.# #...########
.≈. #..#..#(#
+...'....... ...
#..####(######...########
.≈.
###...#(@O.......#####
≈≈. #.[...#####..........
.. #...#.# #)#........ .
#..####.# #[#...!.... #..
#.# #.#........ ###
#.#####.#########
#....##.# #.......#
#^##.####


You could see a two-headed ogre (poisoned).

Vanquished Creatures
  Erica (D:8)
  Joseph (D:7)
  Sigmund (D:4)
  A steam dragon (D:6)
  An acid dragon (D:8)
  A water moccasin (D:7)
  A sky beast (D:7)
  An ice beast (D:6)
  A black bear (D:5)
  2 ogres
  A centaur (D:6)
  A phantom (D:5)
  3 kobold brigands
  A bullfrog (D:6)
  2 scorpions
  A howler monkey (D:6)
  A hound (D:7)
  3 jellies
  A centaur skeleton (D:7)
  3 orc priests
  A gnoll shaman (D:7)
  A scorpion zombie (D:5)
  Natasha (thrice) (D:4)
  A bullfrog skeleton (D:7)
  4 iguanas
  10 orc wizards
  8 gnolls
  2 howler monkey skeletons (D:6)
  4 adders
  2 shadow imps (D:7)
  5 ufetubi
  A worm (D:2)
  A dart slug (D:4)
  19 orcs
  3 bats
  8 endoplasms
  5 giant cockroaches
  6 goblins
  8 hobgoblins
  7 jackals
  22 kobolds
  3 quokkas
  8 ball pythons
  2 frilled lizards
  7 rats
169 creatures vanquished.

Notes
Turn   | Place    | Note
-------+----------+-------------------------------------------
     0 | D:5      | SnakkuSnakku7 the Mummy Delver began the quest for the Orb.
     0 | D:5      | Reached XP level 1. HP: 18/18 MP: 1/1
    12 | D:5      | Noticed a phantom
    28 | D:5      | Reached XP level 2. HP: 2/24 MP: 2/2
   380 | D:5      | Noticed a black bear
   455 | D:4      | Noticed Sigmund
  1183 | D:2      | Reached XP level 3. HP: 16/29 MP: 3/3
  2241 | D:2      | Found a shadowy altar of Dithmenos.
  2444 | D:2      | Found Kutatzyng's Antique Armour Emporium.
  2956 | D:2      | Bought a helmet for 112 gold pieces
  3013 | D:3      | Reached XP level 4. HP: 24/37 MP: 4/4
  3224 | D:3      | Found a stormy altar of Qazlal.
  3422 | D:3      | Found an ancient bone altar of Kikubaaqudgha.
  3536 | D:3      | Became a worshipper of Kikubaaqudgha
  3572 | D:3      | Reached skill level 1 in Throwing
  3572 | D:3      | Reached XP level 5. HP: 42/42 MP: 5/5
  3672 | D:3      | Found Sosauw's Jewellery Emporium.
  4213 | D:4      | Noticed an ogre
  4587 | D:4      | Found Binn's Antique Armour Shoppe.
  4596 | D:4      | Reached XP level 6. HP: 33/48 MP: 6/6
  4612 | D:4      | Noticed Natasha
  4809 | D:4      | Killed Natasha
  5444 | D:4      | Noticed Natasha
  5455 | D:4      | Killed Natasha
  5471 | D:4      | Noticed Natasha
  5476 | D:4      | Killed Natasha
  5536 | D:4      | Reached XP level 7. HP: 54/54 MP: 7/7
  6262 | D:5      | Found a staircase to the Ecumenical Temple.
  6298 | Temple   | Entered the Ecumenical Temple
  6372 | Temple   | Reached * piety under Kikubaaqudgha
  6372 | Temple   | Received a gift from Kikubaaqudgha
  6373 | Temple   | Reached skill level 5 in Maces & Flails
  7184 | D:6      | Found a broken altar of Ashenzari.
  7222 | D:6      | Reached skill level 5 in Fighting
  7222 | D:6      | Reached XP level 8. HP: 27/62 MP: 8/8
  7227 | D:6      | Identified a scroll of acquirement
  7230 | D:6      | Acquired the +3 crown of Dyrovepreva {rElec Int+2 SInv}
  7230 | D:6      | Found the +3 crown of Dyrovepreva {rElec Int+2 SInv}
  7867 | D:6      | Found Nosafoss's Weapon Shoppe.
  7870 | D:6      | Bought a +1 whip of pain for 132 gold pieces
  7919 | D:6      | Reached skill level 2 in Necromancy
  8149 | D:6      | Found Picoq's Jewellery Shoppe.
  8207 | D:6      | Reached skill level 3 in Necromancy
  8209 | D:6      | Found a sacrificial altar of Ru.
  8304 | D:7      | Noticed Joseph
  8449 | D:7      | Reached skill level 4 in Necromancy
  8663 | D:7      | Reached skill level 5 in Necromancy
  9040 | D:7      | Reached skill level 6 in Necromancy
  9359 | D:7      | Found an opulent altar of Gozag.
  9663 | D:8      | Noticed Erica
  9764 | D:8      | Reached ** piety under Kikubaaqudgha
  9765 | D:8      | Reached XP level 9. HP: 65/68 MP: 9/9
  9822 | D:8      | Noticed a two-headed ogre
  9970 | D:4      | Killed Sigmund
  9971 | D:4      | Reached skill level 7 in Necromancy
 10143 | D:8      | Found Rungim's Antique Armour Boutique.
 10279 | D:8      | Noticed a two-headed ogre
 10605 | D:7      | Killed Joseph
 10606 | D:7      | Reached skill level 8 in Necromancy
 10859 | D:8      | Killed Erica
 10860 | D:8      | Reached skill level 9 in Necromancy
 11151 | D:8      | Noticed a salamander
 11199 | D:8      | Noticed a fire crab
 11307 | D:8      | Reached skill level 10 in Necromancy
 11510 | D:8      | Slain by a two-headed ogre

Illustrated notes

Levels and vault maps discovered:
D:1:      lightli_arrival_farm, layout_loops_ring, roderic_lattice_a
D:2:      layout_loops_ring, basic_altar, serial_shops, shop,
          corexii_item_surrounded_by_moat
D:3:      layout_loops_corners, grunt_qazlal_sundering,
          mainiacjoe_overflow_24_doors, serial_shops,
          nicolae_shop_hallway_stairs, feat_on_display
D:4:      layout_loops_ring, serial_shops, shop, hangedman_decor_growths,
          uniq_sigmund, uniq_natasha
D:5:      layout_gridville, minmay_temple_entry_butterflies
D:6:      wad_crossroads, layout_rooms, mainiacjoe_overflow_cross_hatched,
          evilmike_ruin_ashenzari, serial_shops, kennysheep_mini_moat,
          nicolae_square_shop
D:7:      layout_basic, grunt_gozag_statues, corexii_checkpoint_b, uniq_joseph
D:8:      minmay_blocky_corners, layout_basic,
          mainiacjoe_overflow_surrounded_room, serial_shops, nicolae_shop_stone,
          uniq_erica
Temple:   nicolae_temple_figure_eight

Skill      XL: |  1  2  3  4  5  6  7  8  9 |
---------------+----------------------------+-----
Maces & Flails | 2 3 4 5 6 |  6.4
Fighting       | 4 5 |  5.0
Throwing       | 1 2 3 4 |  4.0
Necromancy     | 6 10 | 10.0
Dodging        | |  1.5
Stealth        | |  4.1

Action                   |  1- 3 |  4- 6 |  7- 9 || total
-------------------------+-------+-------+-------++-------
Melee: Mace              |   135 |   130 |   230 ||   495
       Punch             |     1 |     1 |     8 ||    10
       Whip              |       |       |   297 ||   297
Throw: Dart              |       |    34 |    15 ||    49
Evoke: Wand              |       |       |     4 ||     4
  Use: Scroll            |     1 |       |    11 ||    12
 Stab: Sleeping          |     8 |       |       ||     8
Armor: Leather armour    |    46 |       |       ||    46
       Ring mail         |    16 |       |       ||    16
       Plate armour      |     4 |   124 |   324 ||   452
Dodge: Dodged            |   143 |    43 |   141 ||   327
